Map: Lerilak Crest

Players

viOLet

  • Race: Zerg Zerg

Snute - Winner!

  • Race: Zerg Zerg

Event: 2016 WCS Winter Circuit Championship

VOD

Have the link to the VOD?

Description

Time

  • Played on: March 4, 2016, 1:29 p.m.
  • Length: 5:48

All games in this series

Show
View Real Time Build Order
Export as new Build Order

viOLet Zerg 

Build Orders: Pool First 

Get SALT Encoding   

  12  0:00  Drone  
  13  0:12  Overlord  
  13  0:17  Drone  
  14  0:30  Drone x2  
  16  0:35  Drone  
  17  0:45  Spawning Pool  
  17  0:48  Drone  
  17  1:09  Hatchery  
  17  1:10  Drone  
  17  1:14  Drone  
  17  1:18  Drone  
  19  1:24  Extractor  
  18  1:31  Queen  
  18  1:32  Zergling x2  
  21  1:40  Overlord  
  21  1:49  Zergling x2  
  22  1:54  Roach Warren  
  22  2:00  Zergling x2  
  22  2:06  Queen  
  24  2:12  Zergling x2  
  25  2:20  Zergling x2  
  26  2:27  Zergling x2  
  27  2:32  Overlord  
  27  2:36  Roach  
  29  2:41  Roach  
  31  2:46  Roach  
  33  2:52  Drone x2  
  33  2:57  Drone  
  36  3:01  Drone  
  36  3:03  Drone  
  38  3:10  Drone  
  39  3:16  Drone x3  
  39  3:18  Overlord  
  39  3:19  Drone  
  43  3:31  Drone x2, Evolution Chamber  
  44  3:35  Overlord  
  44  3:37  Drone  
  44  3:39  Drone  
  46  3:48  Drone x2  
  48  3:49  Overlord  
  48  3:50  Drone  
  49  3:59  Drone x2  
  51  4:04  Overlord  
  50  4:18  Drone x2  
  50  4:19  Hatchery  
  50  4:22  Extractor  
  49  4:24  Drone x2  
  49  4:25  Drone  
  49  4:28  Roach  
  49  4:29  Roach  
  56  4:35  Roach x2  
  60  4:39  Roach  
  60  4:40  Roach  
  64  4:46  Roach x2  
  64  4:50  Roach x2  
  72  4:58  Roach x2  
  71  5:03  Roach  
  59  5:11  Queen  
  59  5:12  Roach  
  46  5:23  Roach  
Show
View Real Time Build Order
Export as new Build Order

Snute Zerg - Winner!

Build Orders: Pool First 

Get SALT Encoding   

  12  0:00  Drone  
  13  0:08  Drone  
  14  0:18  Drone, Extractor  
  14  0:31  Spawning Pool  
  13  0:35  Drone  
  13  0:42  Drone, Extractor  
  15  0:50  Overlord  
  15  1:18  Metabolic Boost, Queen  
  15  1:19  Zergling x2  
  15  1:20  Zergling x2  
  15  1:24  Zergling x2  
  20  1:30  Zergling x2  
  21  1:41  Zergling x2  
  22  1:53  Hatchery  
  21  1:59  Overlord  
  21  2:03  Drone  
  22  2:18  Queen, Drone  
  25  2:26  Drone  
  25  2:27  Drone  
  25  2:28  Drone  
  28  2:35  Overlord  
  28  2:42  Overlord  
  27  2:52  Drone  
  30  3:01  Zergling x2  
  30  3:05  Zergling x4  
  32  3:07  Zergling x4  
  33  3:12  Baneling Nest  
  33  3:15  Zergling x2  
  33  3:20  Drone  
  33  3:22  Drone  
  33  3:26  Drone  
  36  3:35  Spine Crawler, Zergling x2  
  36  3:41  Zergling x2  
  36  3:42  Zergling x4  
  36  3:47  Zergling x4  
  41  3:57  Zergling x6  
  41  4:01  Zergling x2  
  41  4:02  Zergling x2  
  47  4:09  Zergling x2  
  49  4:17  Zergling x8  
  49  4:18  Overlord  
  51  4:33  Baneling x6  
  51  4:35  Overlord  
  51  4:38  Zergling x6  
  54  4:44  Baneling  
  54  4:46  Zergling x4  
  54  4:47  Zergling x2  
  56  5:00  Zergling x10  
  59  5:10  Zergling x2  
  59  5:11  Zergling x2  
  53  5:15  Zergling x6  
  51  5:21  Zergling x2  
  51  5:22  Zergling x4  
  51  5:24  Zergling x2  
  51  5:27  Zergling x2  
Tags
 
Add a new tag
Caveats
  • Supply blocks, unpowered buildings, or Contaminate may cause inaccurate times.
  • Supply counts are checked every 10 seconds.